 Dungeon Crawl Stone Soup version 0.28.0-1-gb440e238dd (webtiles) character file.

Game seed: 7542704051165176130

192245 fragbeetle the Severer (level 18, -15/168 HPs)
             Began as a Minotaur Monk on Feb 22, 2022.
             Was the Champion of Hepliaklqana.
             Killed by the raging water
             ... invoked by a water nymph
              (25 damage)
             ... on level 4 of the Shoals.
             The game lasted 01:40:37 (29369 turns).

fragbeetle the Severer (Minotaur Monk)             Turns: 29369, Time: 01:40:38

Health: -15/168    AC: 32    Str: 19    XL:     18   Next: 3%
Magic:  28/28      EV:  4    Int: 13    God:    Hepliaklqana [******]
Gold:   2155       SH:  0    Dex: 17    Spells: 16/17 levels left

rFire   . . .      SeeInvis .   h - +4 battleaxe (vamp)
rCold   + . .      Faith    .   (shield currently unavailable)
rNeg    + . .      Spirit   .   x - +2 plate armour {Will+}
rPois   +          Reflect  .   l - +2 hood of the Assassin {Detection Stab+ Stlth++}
rElec   +          Harm     .   c - +1 cloak
rCorr   +          Rampage  .   T - +0 pair of fencer's gloves {Riposte Dex+3}
Will    ++...                   v - +4 pair of boots of the Sacrificial Victim {rPois}
Stlth   ..........              P - amulet of Vitality {Regen+ HP+15}
HPRegen 1.18/turn               X - ring of Rizxutuj {Fly rElec rC+ rCorr Str-4}
MPRegen 0.21/turn               Y - ring "Qieg Kootu" {rN+ Int+6 Slay+4}

@: flying, mesmerised, held, slowed, studying Throwing, very slow
A: reduced essence, horns 2, retaliatory headbutt
a: Renounce Religion, Recall Ancestor, Ancestor Identity, Transference, Idealise


You were on level 4 of the Shoals.
You worshipped Hepliaklqana.
Hepliaklqana was exalted by your worship.
You visited 6 branches of the dungeon, and saw 30 of its levels.
You also visited: Sewer, Ossuary and Ice Cave.

You collected 3378 gold pieces.
You spent 1223 gold pieces at shops.

Inventory:

Hand Weapons
 b - a +5 battleaxe of flaming
 h - a +4 vampiric battleaxe (weapon)
Missiles
 t - 10 curare-tipped darts (quivered)
 F - 6 silver javelins
 I - 23 boomerangs
 U - 7 throwing nets
Armour
 c - a +1 cloak (worn)
 l - the +2 hood of the Assassin (worn) {Detection Stab+ Stlth++}
   (You acquired it on level 13 of the Dungeon)

   It allows the wearer to sense nearby creatures.
   It allows the wearer to make particularly effective stabbing attacks against
   helpless or unaware enemies with any weapon.
   Stlth:     It makes you much more stealthy.
 v - the +4 pair of boots of the Sacrificial Victim (worn) {rPois}
   (You found it on level 2 of the Orcish Mines)

   rPois:     It protects you from poison.
 x - a +2 plate armour of willpower (worn)
 T - the +0 pair of fencer's gloves (worn) {Riposte Dex+3}
   (You acquired it on level 1 of the Lair of Beasts)

   It allows the wearer to riposte with melee weapons, swiftly retaliating
   against missed attacks.
   Dex:       It affects your dexterity (+3).
Jewellery
 g - an amulet of reflection
 p - a ring of resist corrosion
 w - a +4 ring of slaying
 E - a ring of protection from fire
 P - the amulet of Vitality (around neck) {Regen+ HP+15}
   (You found it on level 7 of the Dungeon)

   [amulet of regeneration]

   HP:        It affects your health (+15).
   Regen:     It increases your rate of health regeneration.
 Q - the ring of Daffodils {rPois Str+5 Int+2 SInv}
   (You found it on level 1 of the Elven Halls)

   [ring of see invisible]

   Str:       It affects your strength (+5).
   Int:       It affects your intelligence (+2).
   rPois:     It protects you from poison.
   SInv:      It lets you see invisible.
 R - the ring "Eschid" {EV+4 Dex+4}
   (You found it on level 1 of the Lair of Beasts)

   [ring of evasion]

   EV:        It affects your evasion (+4).
   Dex:       It affects your dexterity (+4).
 V - a ring of positive energy
 X - the ring of Rizxutuj (left hand) {Fly rElec rC+ rCorr Str-4}
   (You bought it in a shop on level 2 of the Elven Halls)

   [ring of protection from cold]

   Str:       It affects your strength (-4).
   rC:        It protects you from cold.
   rElec:     It insulates you from electricity.
   Fly:       It grants you flight.
   rCorr:     It protects you from acid and corrosion.
 Y - the ring "Qieg Kootu" (right hand) {rN+ Int+6 Slay+4}
   (You found it on level 8 of the Dungeon)

   [ring of slaying]

   Int:       It affects your intelligence (+6).
   Slay:      It affects your accuracy & damage with ranged weapons and melee
   (+4).
   rN:        It protects you from negative energy.
 Z - a ring of protection from cold
Wands
 a - a wand of digging (3)
 i - a wand of mindburst (7)
 n - a wand of charming (14)
 q - a wand of polymorph (37)
 y - a wand of iceblast (26)
 D - a wand of acid (16)
 S - a wand of flame (40)
Scrolls
 o - a scroll of enchant armour
 s - 3 scrolls of blinking
 A - 4 scrolls of fog
 G - 2 scrolls of holy word
 H - 5 scrolls of fear
 K - a scroll of teleportation
 N - 2 scrolls of magic mapping
 O - a scroll of brand weapon
Potions
 d - 3 potions of invisibility
 e - 12 potions of curing
 f - 3 potions of heal wounds
 j - 7 potions of ambrosia
 k - 2 potions of might
 m - 4 potions of lignification
 u - 7 potions of haste
 z - 7 potions of magic
 B - a potion of cancellation
 C - 3 potions of attraction
 J - 2 potions of resistance
 L - 4 potions of berserk rage
Miscellaneous
 r - a lightning rod (4/4)
 M - a phantom mirror
 W - a phial of floods


   Skills:
 + Level 17.7 Fighting
 - Level 19.8(20.3) Axes
 - Level 8.0(15.0) Polearms
 - Level 10.0 Throwing
 + Level 17.7 Armour
 - Level 3.2 Dodging
 - Level 1.5 Stealth
 - Level 15.0 Invocations
 - Level 10.0 Evocations


You had 16 spell levels left.
You knew the following spells:

 Your Spells              Type           Power      Damage    Failure   Level
a - Apportation           Tloc           0%         N/A       97%         1

Your spell library contained the following spells:

 Spells                   Type           Power      Damage    Failure   Level
 Animate Skeleton         Necr           0%         N/A       97%         1
 Summon Small Mammal      Summ           0%         N/A       97%         1
 Corpse Rot               Necr/Air       0%         N/A       99%         2
 Static Discharge         Conj/Air       0%         N/A       99%         2
 Gell's Gravitas          Tloc           0%         N/A       100%        3
 Ignite Poison            Fire/Tmut/Pois 0%         N/A       100%        3
 Lesser Beckoning         Tloc           0%         N/A       100%        3
 Mephitic Cloud           Conj/Pois/Air  0%         N/A       100%        3
 Ozocubu's Armour         Ice            0%         N/A       100%        3
 Spider Form              Tmut/Pois      0%         N/A       100%        3
 Teleport Other           Tloc           0%         N/A       100%        3
 Tukima's Dance           Hex            0%         N/A       100%        3
 Airstrike                Air            0%         N/A       100%        4
 Dispel Undead            Necr           0%         3d6       100%        4
 Leda's Liquefaction      Hex/Erth       0%         N/A       100%        4
 Passage of Golubria      Tloc           0%         N/A       100%        4
 Summon Lightning Spire   Summ/Air       0%         N/A       100%        4
 Freezing Cloud           Conj/Ice/Air   0%         6-21      100%        5
 Lee's Rapid Deconstruct  Erth           0%         3d5*      100%        5
 Lightning Bolt           Conj/Air       0%         1d11      100%        5
 Yara's Violent Unravell  Hex/Tmut       0%         3d3       100%        5
 Conjure Ball Lightning   Conj/Air       0%         3x3d6     100%        6
 Death Channel            Necr           0%         N/A       100%        6
 Statue Form              Tmut/Erth      0%         N/A       100%        6
 Ozocubu's Refrigeration  Ice            0%         4d5       100%        7
 Discord                  Hex            0%         N/A       100%        8
 Disjunction              Tloc           0%         N/A       100%        8
 Maxwell's Capacitive Co  Air            0%         ∞         100%        8
 Chain Lightning          Conj/Air       0%         N/A       100%        9
 Fire Storm               Conj/Fire      0%         5d1       100%        9
 Shatter                  Erth           0%         3d5*      100%        9


Dungeon Overview and Level Annotations

Branches:
Dungeon (15/15)            Temple (1/1) D:4            Lair (6/6) D:8
 Shoals (4/4) Lair:4       Spider (0/4) Lair:2        Slime (0/5) Lair:5
    Orc (2/2) D:11            Elf (2/3) Orc:2        Vaults (0/5) D:14
 Depths (0/4) D:15          Sewer (visited)         Ossuary (visited)
  IceCv (visited)

Altars:
Ashenzari
Cheibriados
Dithmenos
Elyvilon
Fedhas
Gozag
Hepliaklqana
Kikubaaqudgha
Makhleb
Nemelex Xobeh
Okawaru
Qazlal
Ru
Sif Muna
Trog
Uskayaw
Vehumet
Wu Jian
Xom
Yredelemnul
Zin
The Shining One
Beogh
Lugonu

Shops:
D:5 (   Orc:1 (   Orc:2 :[==   Elf:2 :?==   Shoals:3 (

Portals:
Abyss: Orc:1
Trove: Elf:2 (give +4 demon whip)

Annotations:
D:11 exclusion: battlemage
Lair:3 exclusion: 2 oklob plants
Lair:5 9 runed translucent doors, exclusion: 3 oklob plants, Adireryl's ghost, journeyman HOFi


Innate Abilities, Weirdness & Mutations

Your life essence is reduced to manifest your ancestor. (-10% HP)
You have a pair of horns on your head.
You reflexively headbutt those who attack you in melee.


Message History

Butters hits the sea snake with a +0 quarterstaff!!
The merfolk avatar chants a haunting song.
You resist with almost no effort.
A merfolk comes into view. It is wielding a +0 trident.
Butters points at the sea snake and mumbles some strange words.
The bolt of magma hits the sea snake!
The sea snake dies!
The alligator snapping turtle hisses angrily.
A merfolk comes into view. It is wielding a +0 trident.
The merfolk throws a throwing net.
The throwing net hits you.
You become entangled in the net!
You hear a splash.
The merfolk avatar chants a haunting song.
You are mesmerised by the merfolk avatar!
A manticore comes into view.
The merfolk hits you from afar with a +0 trident!
* * * LOW HITPOINT WARNING * * *
You tear a large gash into the net.
The merfolk avatar chants its luring song.
The merfolk siren chants a haunting song.
A merfolk comes into view. It is wielding a +0 spear.
Butters hits the merfolk avatar with a +0 quarterstaff.
The merfolk throws a stone.
The stone hits you but does no damage.
The alligator snapping turtle barely misses Butters.
The merfolk avatar chants its luring song.
The merfolk siren chants its luring song.
Butters hits the merfolk avatar with a +0 quarterstaff!!
You hear a shout!
A merfolk impaler comes into view. It is wielding a +0 trident.
You struggle against the net.
The merfolk hits you from afar with a +0 trident!!
* * * LOW HITPOINT WARNING * * *
The merfolk throws a stone.
The stone hits you!
* * * LOW HITPOINT WARNING * * *
The merfolk hits you but does no damage.
The alligator snapping turtle bites Butters!
The merfolk siren chants its luring song.
The water nymph gestures at you while chanting.
The water rises up and strikes you!!
You die...

###≈≈≈≈≈≈≈≈≈≈≈≈≈≈≈≈
###≈≈≈≈≈≈mt≈≈m≈≈≈≈≈
###≈≈≈≈≈≈≈m≈t≈≈≈≈≈≈
###≈≈≈≈≈tH≈≈≈≈≈≈≈≈≈
###≈≈≈≈≈Rmm≈≈≈≈≈≈≈≈
###≈≈≈≈≈≈m≈≈≈≈≈≈≈≈≈
###≈≈≈≈§mmmm≈≈≈≈≈≈≈
###≈≈≈≈≈§≈≈≈≈≈≈≈≈≈≈
###≈≈≈≈≈§@≈≈≈≈≈≈≈≈
###≈≈≈≈≈≈≈≈≈≈≈≈≈≈
###≈≈≈≈≈≈≈≈≈≈≈≈≈≈
#################
#################
#################
#################
#################
###############


You could see the friendly Butters the battlemage, an alligator snapping turtle
(ally target), a merfolk avatar (mesmerising), a merfolk impaler, 2 snapping
turtles, 6 merfolk, a manticore, a merfolk siren (mesmerising) and a water
nymph.

Vanquished Creatures
  Rupert (D:14)
  2 sphinxes
  Ilsuiw (Shoals:2)
  The ghost of spaghetti the Warrior, a journeyman OgBe of Trog (D:12)
  An orc warlord (Orc:2)
  An ettin (Orc:2)
  4 deep elf death magi
  2 merfolk javelineers (Shoals:2)
  2 fire dragons
  8 hydras
  Harold (D:8)
  2 boulder beetles
  Josephine (Orc:2)
  A vault guard (D:14)
  Erolcha (D:12)
  6 merfolk avatars
  A merfolk aquamancer (Shoals:3)
  An ogre mage (Orc:1)
  A satyr (Shoals:3)
  9 centaur warriors
  2 alligators (D:13)
  An alligator snapping turtle (Shoals:3)
  7 two-headed ogres
  17 dancing weapons
  Nergalle (Orc:1)
  4 deep elf knights (Elf:2)
  Sonja (D:13)
  3 orc high priests
  3 skeletal warriors (D:15)
  A goliath frog (Lair:6)
  A flayed ghost (D:15)
  6 sea snakes
  A cherub (D:15)
  2 bog bodies (Shoals:1)
  4 deep elf archers
  3 lindwurms
  Pikel (D:8)
  13 deep elf zephyrmancers
  A harpy (shapeshifter) (Elf:2)
  18 harpies
  15 deep elf pyromancers
  5 orc knights
  6 fauns
  3 orc sorcerers
  An ugly thing (D:14)
  5 cyclopes
  6 manticores
  2 shadow dragon skeletons (D:15)
  4 merfolk sirens
  An ice statue (IceCv)
  An iron dragon skeleton (D:15)
  Maurice (D:11)
  6 black mambas
  2 water nymphs (Shoals:1)
  A gargoyle (D:10)
  17 cane toads
  Maggie (D:8)
  A rime drake (shapeshifter) (D:14)
  5 rime drakes
  2 efreet
  8 komodo dragons
  2 polar bears
  3 meliai (D:15)
  8 trolls
  A polar bear (shapeshifter) (Elf:1)
  3 wind drakes
  9 merfolk
  A troll (shapeshifter) (D:14)
  4 tyrant leeches
  6 slime creatures
  19 blink frogs
  A spriggan zombie (D:15)
  10 dream sheep
  4 snapping turtles
  An air elemental (Elf:1)
  A jumping spider (Lair:5)
  10 water elementals
  2 wyverns
  6 wraiths
  37 yaks
  A yak (shapeshifter) (D:15)
  9 basilisks
  A fire elemental (Elf:1)
  A hog (shapeshifter) (D:14)
  A golden eye (shapeshifter) (D:13)
  3 redbacks (Lair:5)
  8 vampire mosquitoes
  5 wargs
  12 water moccasins
  Edmund (D:6)
  A hell hound (Elf:2)
  32 orc warriors
  2 black bears
  An ice beast (D:8)
  A sky beast (D:6)
  18 ogres
  5 wolves
  3 centaurs
  3 kobold brigands
  An elf zombie (Ossuary)
  16 bullfrogs
  A gnoll sergeant (D:9)
  An earth elemental (Elf:1)
  6 scorpions
  A water moccasin zombie (D:4)
  A wyvern skeleton (D:4)
  A killer bee (D:9)
  3 wights
  2 lindwurm simulacra (IceCv)
  4 electric eels
  A howler monkey (D:8)
  2 centaur zombies
  3 jellies (D:13)
  Crazy Yiuf (D:6)
  3 centaur skeletons
  3 komodo dragon simulacra (IceCv)
  A hound (D:6)
  A human zombie (Ossuary)
  A bullfrog skeleton (D:6)
  26 orc priests
  A scorpion zombie (D:5)
  5 iguanas
  23 orc wizards
  5 hell rats (Lair:6)
  A hound skeleton (D:4)
  2 mummies (Ossuary)
  2 gnolls (D:9)
  11 adders
  3 acid dragon simulacra (IceCv)
  A river rat (D:4)
  A white imp (D:6)
  4 steam dragon simulacra (IceCv)
  An adder zombie (Ossuary)
  10 worms
  2 dart slugs
  100 orcs
  13 bats
  24 endoplasms
  15 giant cockroaches
  6 goblins
  9 hobgoblins
  11 quokkas
  17 ball pythons
  18 frilled lizards
  A goblin zombie (Ossuary)
  7 hobgoblin zombies (Ossuary)
  2 jackal zombies (Ossuary)
  23 kobolds
  8 kobold zombies (Ossuary)
  9 orc zombies (Ossuary)
  3 rats
  3 rat zombies (Ossuary)
  A lurking horror (Orc:1)
887 creatures vanquished.

Vanquished Creatures (collateral kills)
  A kraken (Shoals:1)
  A sphinx (Elf:2)
  Snorg (D:14)
  3 deep elf death magi (Elf:1)
  2 fire dragons (Elf:2)
  A merfolk impaler (Shoals:1)
  A hell beast (Elf:2)
  An ice dragon (IceCv)
  A boulder beetle (D:13)
  2 merfolk avatars
  2 centaur warriors (D:14)
  A satyr (Shoals:4)
  A merfolk aquamancer (Shoals:2)
  4 orc high priests
  8 dancing weapons
  5 deep elf knights (Elf:2)
  3 skeletal warriors (D:15)
  A goliath frog (Lair:6)
  4 sea snakes
  2 bog bodies (Shoals:1)
  A cherub (D:15)
  7 harpies
  12 deep elf pyromancers
  4 deep elf archers
  A necromancer (D:15)
  7 deep elf zephyrmancers
  An orc sorcerer (Orc:2)
  4 fauns
  4 manticores
  2 cyclopes
  3 merfolk sirens (Shoals:1)
  A black mamba (Lair:5)
  An ice statue (IceCv)
  A water nymph (Shoals:4)
  A centaur zombie (D:10)
  A cane toad (shapeshifter) (D:13)
  2 cane toads
  2 rime drakes (IceCv)
  An unseen horror (D:11)
  A komodo dragon (Lair:1)
  A polar bear (Lair:3)
  2 trolls
  8 merfolk
  2 wind drakes (Shoals:1)
  A tyrant leech (D:13)
  A snapping turtle (Shoals:2)
  3 dream sheep
  4 blink frogs
  A shadow (D:11)
  5 water elementals
  10 yaks
  A basilisk (Lair:2)
  A fire elemental (Elf:1)
  The ghost of Jingleheimer the Poker, an amateur MfFi (D:4)
  A vampire mosquito (Lair:6)
  Menkaure (D:6)
  A warg (D:11)
  An acid dragon (D:14)
  Duvessa (D:5)
  A water moccasin (Lair:3)
  5 orc warriors (Orc:2)
  2 black bears
  An ogre (Orc:1)
  A wolf (Lair:4)
  A centaur (D:4)
  A kobold brigand (D:9)
  Blork the orc (D:6)
  3 bullfrogs
  A scorpion (D:8)
  Dowan (D:5)
  A lindwurm simulacrum (IceCv)
  2 killer bees (D:9)
  5 wights
  2 electric eels (D:11)
  2 howler monkeys (D:8)
  2 komodo dragon simulacra (IceCv)
  2 hounds
  A jelly (D:13)
  A centaur skeleton (D:7)
  A bullfrog skeleton (D:6)
  3 orc priests (Orc:2)
  An iguana (D:6)
  Ijyb (D:5)
  4 orc wizards
  2 gnolls (D:9)
  4 acid dragon simulacra (IceCv)
  3 adders (D:5)
  A white imp (D:5)
  2 steam dragon simulacra (IceCv)
  2 worms (D:13)
  24 orcs
  A ball python (D:13)
  An endoplasm (D:13)
  A giant cockroach (Lair:2)
  4 kobolds
  A frilled lizard (D:13)
  3 kobold zombies (Ossuary)
  An orc zombie (Ossuary)
244 creatures vanquished.

Vanquished Creatures (others)
  A dancing weapon (Elf:2)
  A deep elf knight (Elf:2)
  A deep elf archer (Elf:2)
  An orc wizard (Elf:2)
  12 battlemagi
  An orc (Elf:2)
  35 fungi
  130 plants
  4 tentacles (Shoals:1)
  2 withered plants (D:15)
188 creatures vanquished.

Grand Total: 1319 creatures vanquished

Notes
Turn   | Place    | Note
-------+----------+-------------------------------------------
     0 | D:1      | fragbeetle the Minotaur Monk began the quest for the Orb.
     0 | D:1      | Reached XP level 1. HP: 19/19 MP: 0/0
    71 | D:1      | Reached skill level 4 in Axes
   176 | D:1      | Reached XP level 2. HP: 26/26 MP: 1/1
   444 | D:1      | Found a faded altar of an unknown god.
   530 | D:1      | Reached skill level 5 in Axes
   572 | D:1      | Reached XP level 3. HP: 31/31 MP: 2/2
   999 | D:2      | Reached skill level 1 in Polearms
  1760 | D:3      | Reached XP level 4. HP: 39/39 MP: 3/3
  2165 | D:3      | Found a basalt altar of Yredelemnul.
  2167 | D:3      | Noticed a profane servitor
  2182 | D:3      | Found a glowing golden altar of the Shining One.
  2184 | D:3      | Noticed an angel
  2720 | D:4      | Reached XP level 5. HP: 39/45 MP: 4/4
  2728 | D:4      | Found a glowing drain.
  2734 | Sewer    | Entered a sewer
  2875 | Sewer    | Reached skill level 5 in Polearms
  3090 | Sewer    | Reached XP level 6. HP: 48/51 MP: 5/5
  3169 | D:4      | Found a staircase to the Ecumenical Temple.
  3175 | Temple   | Entered the Ecumenical Temple
  3558 | Temple   | Became a worshipper of Hepliaklqana the Forgotten
  3558 | Temple   | Reached * piety under Hepliaklqana
  3558 | Temple   | Reached ** piety under Hepliaklqana
  3559 | Temple   | Remembered your ancestor Butters as a battlemage
  3652 | D:4      | Found a sparkling altar of Nemelex Xobeh.
  3905 | D:4      | Reached XP level 7. HP: 29/51 MP: 6/6
  4109 | D:4      | Found a runed translucent gate.
  4109 | D:4      | Found a runed translucent gate.
  4109 | D:4      | Found a runed translucent gate.
  4109 | D:4      | Noticed Jingleheimer's ghost (amateur MfFi)
  4477 | D:5      | Entered Level 5 of the Dungeon
  4520 | D:5      | Found a radiant altar of Vehumet.
  4532 | D:5      | Reached skill level 1 in Invocations
  4606 | D:5      | Noticed Duvessa
  4607 | D:5      | Noticed Dowan
  4617 | D:5      | Killed Duvessa
  4620 | D:5      | Killed Dowan
  4773 | D:5      | Found Mivuipoe's Weapon Shop.
  4846 | D:5      | Reached *** piety under Hepliaklqana
  4876 | D:5      | Noticed Ijyb
  4889 | D:5      | Killed Ijyb
  5198 | D:5      | Identified the +7 dagger "Emecorud" {speed, Dex+2 SInv}
  5366 | D:6      | Found an ancient bone altar of Kikubaaqudgha.
  5379 | D:6      | Reached skill level 5 in Invocations
  5379 | D:6      | Reached XP level 8. HP: 57/57 MP: 10/10
  5382 | D:6      | Noticed Edmund
  5387 | D:6      | Noticed Menkaure
  5390 | D:6      | Killed Edmund
  5395 | D:6      | Killed Menkaure
  5695 | D:6      | Found a runed translucent door.
  5696 | D:6      | Noticed Crazy Yiuf
  6082 | D:6      | Noticed Blork the orc
  6086 | D:6      | Killed Blork the orc
  6258 | D:7      | Reached **** piety under Hepliaklqana
  6315 | D:7      | Reached XP level 9. HP: 57/63 MP: 14/14
  6367 | D:7      | Found the amulet of Vitality {Regen+ HP+15}
  7266 | D:8      | Noticed Harold
  7273 | D:8      | Killed Harold
  7274 | D:8      | Reached skill level 7 in Axes
  7274 | D:8      | Reached skill level 10 in Invocations
  7283 | D:8      | Reached skill level 8 in Axes
  7294 | D:8      | Noticed Maggie
  7297 | D:8      | Reached skill level 9 in Axes
  7306 | D:8      | Killed Maggie
  7306 | D:8      | Noticed Pikel
  7307 | D:8      | Reached skill level 10 in Axes
  7316 | D:8      | Reached XP level 10. HP: 26/69 MP: 16/16
  7320 | D:8      | Killed Pikel
  7387 | D:8      | Identified the ring "Qieg Kootu" {rN+ Int+6 Slay+4}
  7409 | D:8      | Found a sand-covered staircase.
  7429 | Ossuary  | Entered an ossuary
  7542 | Ossuary  | Reached skill level 11 in Axes
  7779 | D:8      | Reached ***** piety under Hepliaklqana
  8182 | D:8      | Found a staircase to the Lair.
  8243 | D:8      | Found a burning altar of Makhleb.
  8397 | D:9      | Reached skill level 12 in Axes
  8641 | D:9      | Found a blossoming altar of Fedhas.
  8698 | D:9      | Reached skill level 1 in Armour
  8724 | D:9      | Reached skill level 5 in Fighting
  8990 | D:10     | Entered Level 10 of the Dungeon
  9090 | D:10     | Found a shimmering blue altar of Sif Muna.
  9199 | D:10     | Noticed a gargoyle
  9204 | D:10     | Killed a gargoyle
  9315 | D:10     | Noticed a centaur warrior
  9324 | D:10     | Killed a centaur warrior
  9325 | D:10     | Reached skill level 5 in Armour
  9325 | D:10     | Reached XP level 11. HP: 52/81 MP: 17/17
  9617 | D:11     | Found a staircase to the Orcish Mines.
  9621 | D:11     | Noticed a two-headed ogre
  9784 | D:11     | Noticed Maurice
  9788 | D:11     | Killed Maurice
  9999 | D:11     | Noticed a two-headed ogre
 10005 | D:11     | Killed a two-headed ogre
 10209 | D:10     | Found a hide-covered altar of Uskayaw.
 10439 | D:11     | Killed a two-headed ogre
 10711 | Lair:1   | Entered Level 1 of the Lair of Beasts
 10854 | Lair:1   | Reached skill level 10 in Fighting
 11118 | Lair:1   | Reached skill level 10 in Armour
 11267 | Lair:1   | Identified the ring "Eschid" {EV+4 Dex+4}
 11428 | Lair:1   | Reached skill level 1 in Evocations
 11815 | Lair:2   | Reached XP level 12. HP: 95/95 MP: 18/18
 11824 | Lair:2   | Reached ****** piety under Hepliaklqana
 11830 | Lair:2   | Found a hole to the Spider Nest.
 12023 | Lair:2   | Reached skill level 5 in Evocations
 12453 | Lair:3   | You fall into a shaft and drop 2 floors!
 12453 | Lair:5   | Noticed a five-headed hydra
 12457 | Lair:5   | Killed a three-headed hydra
 12479 | Lair:5   | Found a staircase to the Slime Pits.
 12514 | Lair:5   | Found a runed translucent gate.
 12519 | Lair:5   | Found a runed translucent gate.
 12519 | Lair:5   | Found a runed translucent gate.
 12522 | Lair:5   | Noticed Adireryl's ghost (journeyman HOFi)
 12522 | Lair:5   | Noticed a 12-headed hydra
 12523 | Lair:5   | Noticed a 13-headed hydra
 12550 | Lair:5   | Found a frozen archway.
 12568 | IceCv    | Entered an ice cave
 13049 | IceCv    | Noticed an ice dragon
 13060 | IceCv    | Killed an ice dragon
 13418 | Lair:5   | Noticed a four-headed hydra
 13425 | Lair:5   | Killed a two-headed hydra
 13461 | Lair:5   | Found a runed translucent door.
 13485 | Lair:5   | Found a runed translucent gate.
 13485 | Lair:5   | Found a runed translucent gate.
 13485 | Lair:5   | Identified the +7 whip of Bellicose Valour {protect, Int+3
                  | Dex+4}
 13485 | Lair:5   | Noticed a boulder beetle
 13485 | Lair:5   | Noticed a boulder beetle
 13486 | Lair:5   | Found a runed translucent gate.
 13486 | Lair:5   | Found a runed translucent gate.
 13486 | Lair:5   | Found a runed translucent gate.
 13486 | Lair:5   | Identified the +0 hat "Bud Kan" {rC+}
 13487 | Lair:5   | Found a runed translucent gate.
 14162 | Lair:4   | Reached skill level 10 in Evocations
 14207 | Lair:4   | Found a staircase to the Shoals.
 14416 | Lair:4   | Reached skill level 13 in Axes
 14416 | Lair:4   | Reached XP level 13. HP: 101/101 MP: 19/19
 14882 | Lair:3   | Identified a scroll of acquirement
 15137 | Lair:3   | Reached skill level 14 in Axes
 15847 | Lair:1   | Acquired the +0 pair of fencer's gloves {Riposte Dex+3}
 15847 | Lair:1   | Found the +0 pair of fencer's gloves {Riposte Dex+3}
 15977 | Lair:6   | Entered Level 6 of the Lair of Beasts
 16032 | Lair:6   | Reached skill level 15 in Axes
 16056 | Lair:6   | Identified the +1 scale mail of Tulips {rC+ Will+ rCorr}
 16107 | Lair:6   | Reached skill level 16 in Axes
 16146 | Lair:6   | Learned a level 1 spell: Apportation
 16273 | Lair:6   | Reached skill level 17 in Axes
 16727 | Lair:6   | Got the Guide on Gliding Toxins
 17186 | D:4      | Killed Jingleheimer's ghost
 17292 | D:6      | Killed Crazy Yiuf
 17706 | Orc:1    | Entered Level 1 of the Orcish Mines
 17712 | Orc:1    | Reached skill level 18 in Axes
 17712 | Orc:1    | Reached XP level 14. HP: 108/108 MP: 20/20
 17921 | Orc:1    | Noticed Nergalle
 17929 | Orc:1    | Killed Nergalle
 18006 | Orc:1    | Found a corrupted altar of Lugonu.
 18009 | Orc:1    | Found a one-way gate to the infinite horrors of the Abyss.
 18231 | Orc:2    | Entered Level 2 of the Orcish Mines
 18267 | Orc:2    | Noticed Josephine
 18276 | Orc:2    | Killed Josephine
 18478 | Orc:1    | Found Gaumn's Weapon Shoppe.
 18490 | Orc:1    | Reached skill level 19 in Axes
 18882 | Orc:2    | Found Healayg's Book Boutique.
 18899 | Orc:2    | Found Eseukug's Armour Shop.
 19188 | Orc:2    | Identified the +4 pair of boots of the Sacrificial Victim
                  | {rPois}
 19350 | Orc:2    | Found a staircase to the Elven Halls.
 19610 | Orc:2    | Noticed an orc warlord
 19618 | Orc:2    | Killed an orc warlord
 19701 | Orc:2    | Found Kobuff's Jewellery Boutique.
 19946 | Orc:2    | Found Jestreape's Jewellery Shop.
 20194 | D:12     | Found a large runed translucent door.
 20194 | D:12     | Found a large runed translucent door.
 20273 | D:12     | Noticed spaghetti's ghost (journeyman OgBe)
 20287 | D:12     | Killed spaghetti's ghost
 20402 | D:12     | Noticed Erolcha
 20406 | D:12     | Killed Erolcha
 20961 | D:13     | Noticed Sonja
 20964 | D:13     | Killed Sonja
 21032 | D:13     | Reached XP level 15. HP: 113/113 MP: 24/24
 21157 | D:13     | Acquired the +2 hood of the Assassin {Detection Stab+
                  | Stlth++}
 21157 | D:13     | Found the +2 hood of the Assassin {Detection Stab+ Stlth++}
 21678 | D:14     | Noticed Snorg
 21685 | D:14     | Killed Snorg
 21689 | D:14     | Found an opulent altar of Gozag.
 21911 | D:14     | Identified the +1 hunting sling "Beetlebane" {speed,
                  | Stlth+}
 21911 | D:14     | Noticed Rupert
 21926 | D:14     | Killed Rupert
 21927 | D:14     | Reached skill level 15 in Invocations
 21934 | D:14     | Found a gate to the Vaults.
 22310 | D:15     | Entered Level 15 of the Dungeon
 22366 | D:15     | Found a staircase to the Depths.
 22724 | D:15     | Found a radiant altar of Vehumet.
 23185 | Lair:1   | Acquired the +2 buckler of Ashenzari's Grace {Str+3 Dex+3}
 23369 | Elf:1    | Entered Level 1 of the Elven Halls
 23850 | Elf:1    | Paralysed by an air elemental for 1 turns
 23851 | Elf:1    | Reached XP level 16. HP: 126/126 MP: 26/26
 23862 | Elf:1    | Identified the ring of Daffodils {rPois Str+5 Int+2 SInv}
 24519 | Elf:2    | Found Meyjo's Jewellery Boutique.
 24663 | Elf:2    | Found a portal to a secret trove of treasure.
 24753 | Elf:2    | Found Gekhlus's Book Shoppe.
 24972 | Elf:2    | Found Kucan's Magic Scroll Emporium.
 25078 | Elf:2    | Bought a scroll of acquirement for 572 gold pieces
 25078 | Elf:2    | Acquired a manual of Throwing
 25142 | Elf:2    | Found Xoxzatz's Jewellery Emporium.
 25146 | Elf:2    | Bought the ring of Rizxutuj {Fly rElec rC+ rCorr Str-4} for
                  | 651 gold pieces
 25160 | Elf:2    | Noticed a sphinx
 25223 | Elf:2    | Killed a sphinx
 25302 | Elf:2    | Noticed a sphinx
 25314 | Elf:2    | Killed a sphinx
 25338 | Elf:2    | Reached skill level 15 in Fighting
 25338 | Elf:2    | Reached skill level 15 in Armour
 25338 | Elf:2    | Reached skill level 1 in Throwing
 25492 | Elf:2    | Reached skill level 5 in Throwing
 25557 | Elf:2    | Found a huge runed translucent gate.
 25557 | Elf:2    | Found a huge runed translucent gate.
 25557 | Elf:2    | Found a huge runed translucent gate.
 25557 | Elf:2    | Found a huge runed translucent gate.
 25558 | Elf:2    | Found a huge runed translucent gate.
 25970 | Elf:2    | Reached skill level 10 in Throwing
 25972 | Elf:2    | Reached XP level 17. HP: 86/140 MP: 24/27
 26461 | Shoals:1 | Entered Level 1 of the Shoals
 27013 | Shoals:1 | Noticed a kraken
 27022 | Shoals:1 | Killed a kraken
 27445 | Shoals:2 | Noticed Ilsuiw
 27553 | Shoals:2 | Killed Ilsuiw
 27781 | Shoals:2 | Found a bloodstained altar of Trog.
 28417 | Shoals:3 | Found Ujeets's Antique Weapon Emporium.
 29254 | Shoals:4 | Entered Level 4 of the Shoals
 29331 | Shoals:4 | Reached XP level 18. HP: 153/153 MP: 22/28
 29352 | Shoals:4 | HP: 7/168 [alligator snapping turtle (12)]
 29369 | Shoals:4 | Killed from afar by a water nymph

Illustrated notes

Levels and vault maps discovered:
D:1:      dpeg_arrival_tiny_f, layout_basic,
          hellmonk_ecumenical_altar_arch_garden
D:2:      layout_basic
D:3:      layout_basic, grunt_temple_overflow_holy_war
D:4:      layout_loops_corners, nemelex_diamond_rough_becter, temple_statues,
          gammafunk_ghost_necromancy, gup_sewer_entry_bowl,
          hangedman_decor_opposing
D:5:      layout_loops_corners, old_standard_altar, serial_shops,
          nicolae_shop_bloodbath_and_beyond, serial_bayou_pond_e, uniq_ijyb,
          uniq_duvessa
D:6:      layout_basic, mainiacjoe_overflow_tiny_flanked, minmay_crystal_water,
          grunt_ministairs_2, uniq_menkaure, uniq_edmund,
          uniq_crazy_yiuf_cottage, uniq_blork_the_orc
D:7:      lemuel_ice_spiral_2, layout_basic, minmay_crystal_room,
          kennysheep_generic_room_16
D:8:      layout_basic, lightli_temple_of_fire, grunt_lair_entry_orc_guard_hut,
          enter_ossuary_2, uniq_harold, uniq_maggie, uniq_pikel
D:9:      layout_basic, mainiacjoe_overflow_small_starburst
D:10:     layout_loops_ring, nicolae_overflow_hidden_temple
D:11:     layout_basic, erik_orc_4, uniq_maurice
D:12:     layout_roguey, ebering_ghost_disaster_area, uniq_erolcha
D:13:     layout_loops_cross, hangedman_parallel_progression, uniq_sonja
D:14:     layout_small_grid, david_vaults_5, nicolae_gozag_seed_capital,
          uniq_snorg, uniq_rupert
D:15:     gammafunk_depths_entry_grave, layout_rooms,
          nicolae_vehumet_altar_sigil, pf_eden
Temple:   oiseaux_autumnal_temple
Lair:1:   layout_regular_city, st_stairs_5, serial_bayou_pond_b,
          chequers_serial_rivers_large_b, nicolae_lair_grove_arrangements
Lair:2:   layout_loops_ring, nicolae_spider_entry_non_spiders, st_stairs_13
Lair:3:   dpeg_oklob_gauntlet, layout_misc_corridors, nzn_random_ring,
          grunt_megastairs_5
Lair:4:   layout_regular_city, shoals_dummy_entry, beast_lair_carwin_11
Lair:5:   gammafunk_indiana_jones, layout_small_grid,
          minmay_slime_entry_oklob_open, portal_ice_cave_entry_pillars_1,
          gammafunk_ghost_hydra_chop
Lair:6:   minmay_lair_end_frog_pond, layout_loops_ring
Shoals:1: layout_shoals, nicolae_shoals_secluded_bog
Shoals:2: layout_shoals, lemuel_altar_in_water, uniq_ilsuiw
Shoals:3: layout_shoals, serial_shops, shop
Shoals:4: shoals_end_hellmonk_lost_city, uniq_aizul
Orc:1:    layout_caves, serial_shops, shop, amcnicky_altar_lugonu_corruption,
          uniq_nergalle
Orc:2:    pubby_orc_utopia, serial_shops, uniq_josephine
Elf:1:    layout_geoelf_grid, minmay_elf_crystal_heptagon
Elf:2:    elven_hall_of_blades_hangedman_alternative
          [infiniplex_blade_entry_pillars], layout_gridlike,
          nicolae_trove_entry_crossroad, special_room
          [special_room_mythical_zoo], serial_shops, nicolae_diamond_shop, shop,
          nicolae_shop_window_shopping, shop_fountains

Skill      XL: |  1  2  3  4  5  6  7  8  9 10 11 12 13 14 15 16 17 |
---------------+----------------------------------------------------+-----
Axes           | 4 5 10 12 13 18 19 | 19.8
Polearms       | 2 4 6 7 8 |  8.0
Invocations    | 5 8 10 13 15 | 15.0
Fighting       | 6 10 12 15 17 | 17.7
Armour         | 5 10 12 15 17 | 17.7
Evocations     | 3 10 | 10.0
Throwing       | 10 | 10.0
Dodging        | |  3.2
Stealth        | |  1.5

Action                   |  1- 3 |  4- 6 |  7- 9 | 10-12 | 13-15 | 16-18 || total
-------------------------+-------+-------+-------+-------+-------+-------++-------
Melee: Hand axe          |    57 |       |       |       |       |       ||    57
       Headbutt          |    14 |    22 |    26 |    78 |   145 |   170 ||   455
       Trident           |    43 |   163 |   138 |       |       |       ||   344
       Punch             |       |     1 |     1 |       |       |       ||     2
       Battleaxe         |       |       |    31 |   335 |   617 |   493 ||  1476
       Executioner's axe |       |       |       |       |    38 |    43 ||    81
Throw: Dart              |       |       |       |     3 |     2 |       ||     5
       Boomerang         |       |       |       |       |       |     2 ||     2
Invok: Ancestor Life: Ba |       |     1 |       |       |       |       ||     1
       Ancestor Identity |       |     1 |       |       |       |       ||     1
       Idealise          |       |       |       |     1 |     4 |     8 ||    13
       Recall Ancestor   |       |       |       |     1 |       |     2 ||     3
Evoke: Wand              |       |       |     4 |     1 |     2 |     8 ||    15
       Phantom mirror    |       |       |       |       |       |     1 ||     1
       Lightning rod     |       |       |       |       |       |     3 ||     3
  Use: Scroll            |       |       |     4 |    19 |    14 |     5 ||    42
       Potion            |       |       |     2 |     1 |     1 |     4 ||     8
 Stab: Sleeping          |     3 |       |       |       |       |       ||     3
       Distracted        |       |       |     2 |     6 |    11 |     7 ||    26
Armor: Robe              |    11 |       |       |       |       |       ||    11
       Chain mail        |    13 |       |       |       |       |       ||    13
       Scale mail        |     1 |    67 |       |       |       |       ||    68
       Plate armour      |       |     4 |    90 |   174 |   370 |   478 ||  1116
Dodge: Dodged            |    46 |    54 |    37 |    85 |   179 |   189 ||   590
       Rpst.: Battleaxe  |       |       |       |       |    30 |    25 ||    55
       Executioner's axe |       |       |       |       |     1 |     4 ||     5
